 Dungeon Crawl Stone Soup version 0.20.1-1-g8b1a95d (webtiles) character file.

37 digijack the Vexing (level 3, 0/20 HPs)
             Began as a Kobold Arcane Marksman on Dec 2, 2017.
             Slain by a worm (3 damage)
             ... on level 2 of the Dungeon.
             The game lasted 00:07:57 (1217 turns).

digijack the Vexing (Kobold Arcane Marksman)        Turns: 1217, Time: 00:07:58

Health: 0/20       AC:  3    Str:  7    XL:     3   Next: 62%
Magic:  3/5        EV: 16    Int: 14    God:
Gold:   30         SH:  0    Dex: 16    Spells: 1/5 levels left

rFire    . . .     SeeInvis .   (weapon restricted)
rCold    . . .     Gourm    .   (shield restricted)
rNeg     . . .     Faith    .   a - +0 robe
rPois    .         Spirit   .   (no helmet)
rElec    .         Reflect  .   h - +0 cloak
rCorr    .         Harm     .   (no gloves)
MR       .....                  (no boots)
Stlth    ++........             (no amulet)
Regen    0.1/turn               (no ring)
MPRegen  0.1/turn               (no ring)

@: very slightly contaminated
A: carnivore 3
a: no special abilities


You were on level 2 of the Dungeon.
You were very full.

You visited 1 branch of the dungeon, and saw 2 of its levels.

You collected 30 gold pieces.

Inventory:

Missiles
 e - 21 stones (quivered)
Armour
 a - a +0 robe (worn)
 h - a +0 cloak (worn)
Potions
 d - a potion of brilliance
 i - a potion of curing
Books
 b - a book of Debilitation

   Spells                             Type                      Level
   a - Corona                         Hexes                        1
   b - Slow                           Hexes                        2
   c - Inner Flame                    Hexes/Fire                   3
   d - Portal Projectile              Hexes/Translocation          3
   e - Cause Fear                     Hexes                        4
   f - Leda's Liquefaction            Hexes/Earth                  4
Comestibles
 f - a meat ration
 g - a chunk of flesh


   Skills:
 - Level 1.1 Fighting
 + Level 2.4 Throwing
 + Level 3.1 Dodging
 + Level 1.9 Stealth
 + Level 1.7 Spellcasting
 + Level 3.2 Hexes


You had one spell level left.
You knew the following spells:

 Your Spells              Type           Power        Failure   Level  Hunger
a - Corona                Hex            ##.....      6%          1    ##.....
b - Inner Flame           Hex/Fire       #.......     36%         3    ####...


Dungeon Overview and Level Annotations

Branches:
Dungeon (2/15)

Altars:


Innate Abilities, Weirdness & Mutations

You are small and have problems with some larger weapons.
You are carnivorous and can eat meat at any time.


Message History

Aim: a worm (lightly wounded)
You throw a stone. The stone hits the worm.
The worm is moderately wounded.
Unknown command.
Throwing (i - inventory):
e - 23 stones (quivered)
Press: ? - help, Shift-Dir - straight line, f/p - worm
Aim: a worm (moderately wounded)
You throw a stone. The stone hits the worm.
The worm is moderately wounded.
The jackal closely misses you.
The jackal bites you but does no damage.
The worm closely misses you. The jackal bites you.
* * * LOW HITPOINT WARNING * * *
Throwing (i - inventory):
e - 22 stones (quivered)
Press: ? - help, Shift-Dir - straight line, f/p - worm
Aim: a worm (moderately wounded)
You throw a stone. The stone barely misses the worm.
The stone hits the hobgoblin but does no damage.
The jackal completely misses you. The jackal misses you. The worm bites you.
You die...

.........# #........
#.?.....# #. ......#
.. # .....#.#
.##.###.....#
.........## ######...
....##.(..####hh(.....
.......(..(.gw@#
....$..####..###
#.###.. ##...# # #...
###.# ##.. ..# ... ...
$#). .... ##.. h..


You could see a worm, 2 jackals and a hobgoblin.

Vanquished Creatures
  An ooze (D:1)
  A dart slug (D:1)
  6 bats (D:1)
  A giant cockroach (D:1)
  4 goblins (D:1)
  2 hobgoblins (D:1)
  3 jackals (D:1)
  2 frilled lizards (D:1)
  6 kobolds (D:1)
  3 rats
29 creatures vanquished.

Notes
Turn   | Place    | Note
-------+----------+-------------------------------------------
     0 | D:1      | digijack the Kobold Arcane Marksman began the quest for the Orb.
     0 | D:1      | Reached XP level 1. HP: 12/12 MP: 2/2
   111 | D:1      | Reached skill level 1 in Stealth
   136 | D:1      | Reached XP level 2. HP: 16/16 MP: 1/3
   502 | D:1      | Reached XP level 3. HP: 20/20 MP: 4/4
   674 | D:1      | Learned a level 3 spell: Inner Flame
  1217 | D:2      | Slain by a worm

Skill      XL: |  1  2  3 |
---------------+----------+-----
Stealth        | 1 |  1.9
Dodging        | 3 |  3.1
Fighting       | |  1.1
Throwing       | |  2.4
Spellcasting   | |  1.7
Hexes          | |  3.2

Action                   || total
-------------------------++-------
Melee: Unarmed           ||    15
Throw: Tomahawk          ||    82
       Stone             ||    55
       Throwing net      ||     3
 Cast: Corona            ||     6
       Inner Flame       ||     1
  Use: Scroll            ||     2
       Potion            ||     2
  Eat: Chunk             ||     9
Armor: Robe              ||    14
Dodge: Dodged            ||    88
